 Dungeon Crawl Stone Soup version 0.31.0-32-g396128a36d (webtiles) character file.

Game seed: 942350166335458823

1590 Alphaeus the Ruffian (level 8, 0/54 HPs)
             Began as an Octopode Shapeshifter on Mar 19, 2024.
             Slain by an ice beast (9 damage)
             ... on level 6 of the Dungeon.
             The game lasted 00:04:17 (4486 turns).

Alphaeus the Ruffian (Octopode Shapeshifter)        Turns: 4486, Time: 00:04:18

Health: 0/54       AC:  1    Str: 15    XL:     8   Next: 92%
Magic:  8/8        EV: 14    Int: 12    God:
Gold:   88         SH:  0    Dex: 12    Spells: 7/7 levels left

rFire   . .          .
                       - Unarmed
rCold   . . .        (no shield)
rNeg    . . .        (helmet currently unavailable)
rPois   .            l - amulet of reflection
rElec   .            (no ring)
rCorr   .            (no ring)
SInv    .            (no ring)
Will    .....        (no ring)
Stlth   ++           (no ring)
HPRegen 0.29/turn    (no ring)
MPRegen 0.11/turn    (no ring)
                     (no ring)

%: reflection
@: confused, beast-form
A: beast (slay +3), almost no armour, amphibious, 8 rings, camouflage 1,
gelatinous body 1, (nimble swimmer 1), tentacles
a: Begin Untransformation


You were on level 6 of the Dungeon.
You were a hulking beast.
You visited 1 branch of the dungeon, and saw 6 of its levels.

You collected 186 gold pieces.
You spent 98 gold pieces at shops.

Inventory:

Jewellery
 l - an amulet of reflection (around mantle)
Talismans
 b - a beast talisman
 c - a flux talisman
Scrolls
 d - 4 scrolls of identify {unknown}
 e - a scroll of blinking {unknown}
 f - 2 scrolls of vulnerability {unknown}
 h - 2 scrolls of fear {unknown}
 i - a scroll of revelation {unknown}
 k - 2 scrolls of immolation {unknown}
 o - 3 scrolls of teleportation {unknown}
 p - 2 scrolls of torment {unknown}
 r - 2 scrolls of poison {unknown}
Potions
 a - 2 potions of lignification
 g - a potion of resistance {unknown}
 j - a potion of berserk rage {unknown}
 m - 2 potions of curing
 n - 3 potions of enlightenment {unknown}
 q - a potion of heal wounds
 s - a potion of mutation {unknown}


   Skills:
 + Level 4.3 Fighting
 + Level 4.6 Dodging
 * Level 7.0 Unarmed Combat
 * Level 6.6 Shapeshifting


You had 7 spell levels left.
You didn't know any spells.
Your spell library contained the following spells:

 Spells                   Type           Power      Damage    Failure   Level
 Sting                    Conj/Alch      0%         1d3       32%         1
 Mercury Vapours          Alch/Air       0%         N/A       45%         2
 Static Discharge         Conj/Air       0%         3-3/arc   45%         2
 Airstrike                Air            0%         2d(0-16)  97%         4
 Olgreb's Toxic Radiance  Alch           0%         N/A       97%         4
 Summon Lightning Spire   Summ/Air       0%         N/A       97%         4


Dungeon Overview and Level Annotations

Branches:
Dungeon (6/15)
 Temple: D:4-7

Altars:
Cheibriados
Yredelemnul

Shops:
D:4 !   D:5 ![(!


Innate Abilities, Weirdness & Mutations

You are a hulking beast.
Your limbs bulge with bestial killing power. (Slay +3)
You cannot wear most types of armour.
You are amphibious.
You can wear up to eight rings at the same time.
Your skin changes colour to match your surroundings (Stealth+).
Your rubbery body absorbs attacks. (AC +1, EV +1)
((You are camouflaged when in or above water. (Stealth+)))
You have tentacles for arms and can constrict up to eight enemies at once.


Message History

The orc hits you with a +2 mace of holy wrath.
You bludgeon the orc!
You kill the orc!
You closely miss something. Your squeeze misses something.
You tentacle-slap something but do no damage.
Your squeeze misses something. Something hits you. Something hits you.
The ice beast hits you. The ice beast freezes you!
You are too injured to fight recklessly!
You are too injured to fight recklessly!
You are too injured to fight recklessly!
You are too injured to fight recklessly!
You are too injured to fight recklessly!
You are too injured to fight recklessly!
You are too injured to fight recklessly!
You are too injured to fight recklessly!
You are too injured to fight recklessly!
You are too injured to fight recklessly!
You are too injured to fight recklessly!
You are too injured to fight recklessly!
You are too injured to fight recklessly!
You are too injured to fight recklessly!
You are too injured to fight recklessly!
You are too injured to fight recklessly!
You are too injured to fight recklessly!
Something hits you.
You hear some strange, mumbled words.
You are confused.
The ice beast attacks as it pursues you!
The ice beast closely misses you.
You tentacle-slap the ice beast. You squeeze the ice beast!
The ice beast is heavily wounded.
The ice beast hits you. The ice beast freezes you.
* * * LOW HITPOINT WARNING * * *
You bump into the rock wall.
The ice beast completely misses you.
You tentacle-slap the ice beast.
The ice beast is severely wounded.
The ice beast hits you.
* * * LOW HITPOINT WARNING * * *
The ice beast freezes you!
You die...

## .# . ###
#.# .( #..
.#.#
#.##+#.###.#.#
#.......<..#.#
#........###.#
#.........Yh.#
#.....).######
#.......+
#.......#
#........
....$....##
##.......#
#.......#


You could see an ice beast.

Vanquished Creatures
  Sigmund (D:5)
  Eustachio (D:4)
  Edmund (D:5)
  Duvessa (D:5)
  An ice beast (D:5)
  2 black bears (D:5)
  2 ogres
  A phantom (D:5)
  Dowan (D:5)
  2 hounds
  A bombardier beetle (D:4)
  A jelly (D:5)
  An orc priest (D:5)
  A scorpion zombie (D:4)
  Natasha (twice) (D:2)
  An iguana (D:5)
  An orc wizard (D:5)
  2 hound zombies (D:4)
  4 gnolls (D:3)
  7 adders
  An ufetubus (D:5)
  An adder zombie (D:4)
  2 dart slugs
  A ribbon worm (D:5)
  4 orcs
  5 bats
  4 endoplasms
  A giant cockroach (D:2)
  11 goblins
  8 hobgoblins
  2 jackals (D:2)
  6 kobolds
  3 quokkas
  13 ball pythons
  8 frilled lizards
  5 rats
109 creatures vanquished.

Notes
Turn   | Place    | Note
-------+----------+-------------------------------------------
     0 | D:1      | Alphaeus the Octopode Shapeshifter began the quest for the
                  | Orb.
     0 | D:1      | Reached XP level 1. HP: 13/13 MP: 1/1
    59 | D:1      | Reached XP level 2. HP: 6/18 MP: 2/2
   299 | D:1      | Reached XP level 3. HP: 23/23 MP: 3/3
   555 | D:2      | Found a faded altar of an unknown god.
   983 | D:2      | Noticed Natasha
   992 | D:2      | Killed Natasha
   993 | D:2      | Reached XP level 4. HP: 12/29 MP: 4/4
  1431 | D:2      | Noticed Natasha
  1439 | D:2      | Killed Natasha
  1440 | D:2      | Reached XP level 5. HP: 28/34 MP: 5/5
  1514 | D:3      | Reached skill level 4 in Unarmed Combat
  2259 | D:4      | Noticed an ogre
  2269 | D:4      | Killed an ogre
  2270 | D:4      | Reached XP level 6. HP: 16/41 MP: 6/6
  2395 | D:4      | Noticed Eustachio
  2405 | D:4      | Killed Eustachio
  2406 | D:4      | Reached skill level 5 in Unarmed Combat
  2406 | D:4      | Reached XP level 7. HP: 12/45 MP: 7/7
  2694 | D:4      | Found Malepo's Distillery.
  2701 | D:4      | Bought a potion of heal wounds for 55 gold pieces
  2701 | D:4      | Bought a potion of curing for 33 gold pieces
  2924 | D:4      | Reached skill level 5 in Shapeshifting
  2929 | D:4      | Found a basalt altar of Yredelemnul.
  3213 | D:5      | Entered Level 5 of the Dungeon
  3250 | D:5      | Noticed Sigmund
  3259 | D:5      | Killed Sigmund
  3304 | D:5      | Found Tadwe's Weapon Shop.
  3370 | D:5      | Found a snail-covered altar of Cheibriados.
  3465 | D:5      | Reached XP level 8. HP: 52/52 MP: 8/8
  3475 | D:5      | Noticed Edmund
  3483 | D:5      | Killed Edmund
  3484 | D:5      | Reached skill level 6 in Unarmed Combat
  3558 | D:5      | Found Ofaxio's Distillery.
  3572 | D:5      | Bought a potion of degeneration for 10 gold pieces
  3626 | D:5      | Found Maxiut's Antique Armour Emporium.
  3770 | D:5      | Noticed Dowan
  3771 | D:5      | Noticed Duvessa
  3781 | D:5      | Killed Duvessa
  3786 | D:5      | Killed Dowan
  3807 | D:5      | Found Yhabiu's Distillery.
  3942 | D:5      | Reached skill level 7 in Unarmed Combat
  4486 | D:6      | Slain by an ice beast

Illustrated notes

Levels and vault maps discovered:
D:1:      dpeg_arrival_solitude, layout_basic, chequers_serial_rivers_small_b
D:2:      kb_forest_paths, layout_loops_ring, shapermc_ecumenical_altar_venn,
          uniq_natasha
D:3:      layout_basic
D:4:      layout_loops_ring, nicolae_yredelemnul_corpse_copse, serial_shops,
          shop_fountains, uniq_eustachio
D:5:      layout_layer_cave, slow_altar_1, serial_shops,
          nicolae_shop_rolling_square, nicolae_shop_just_a_little_nook,
          shop_fountains, nicolae_shop_crystal, kennysheep_opposing_triangles,
          uniq_sigmund, uniq_duvessa, uniq_edmund
D:6:      layout_basic, nicolae_hepliaklqana_hazy_memory,
          gammafunk_temple_overflow_wave

Skill      XL: |  1  2  3  4  5  6  7  8 |
---------------+-------------------------+-----
Fighting       | 2 3 4 |  4.3
Unarmed Combat | 4 5 7 |  7.0
Shapeshifting  | 4 5 6 |  6.6
Dodging        | 3 4 |  4.6

Action                     |  1- 3 |  4- 6 |  7- 9 || total
---------------------------+-------+-------+-------++-------
  Melee: Unarmed           |    68 |    76 |    98 ||   242
         Constrict         |    14 |    19 |    22 ||    55
         Tentacles         |    12 |    10 |    30 ||    52
         Punch             |     3 |       |     5 ||     8
   Stab: Sleeping          |     6 |     2 |     5 ||    13
         Distracted        |       |       |     1 ||     1
 Armour: Skin              |    27 |    30 |    37 ||    94
  Dodge: Dodged            |    36 |    49 |    53 ||   138
  Block: Other             |       |     8 |    15 ||    23
